 Dungeon Crawl Stone Soup version 0.21-a0-241-g2cbab09 (webtiles) character file.

87 Blomdor the Skirmisher (level 4, -3/35 HPs)
             Began as a Barachi Wizard on Sept 3, 2017.
             Killed from afar by Akrius's ghost (7 damage)
             ... with a magic dart
             ... on level 3 of the Dungeon.
             The game lasted 00:06:24 (1874 turns).

Blomdor the Skirmisher (Barachi Wizard)             Turns: 1874, Time: 00:06:25

Health: -3/35      AC:  3    Str:  8 (9)  XL:     4   Next: 51%
Magic:  8/8        EV: 17    Int: 18 (19) God:
Gold:   38         SH:  0    Dex: 14 (15) Spells: 6/9 levels left

rFire    . . .     SeeInvis .   t - +0 hand axe
rCold    . . .     Gourm    .   (no shield)
rNeg     . . .     Faith    .   a - +0 robe
rPois    .         Spirit   .   b - +1 hat
rElec    .         Reflect  .   (no cloak)
rCorr    .         Harm     .   (no gloves)
MR       .....                  (no boots)
Stlth    +++.......             h - amulet of regeneration
HPRegen  0.51/turn              (no ring)
MPRegen  0.11/turn              (no ring)

@: agile, slow
A: +LOS, swims, slowness 1, strong legs 1
a: Hop


You were on level 3 of the Dungeon.
You were not hungry.

You visited 1 branch of the dungeon, and saw 3 of its levels.

You collected 38 gold pieces.

Inventory:

Hand Weapons
 f - a +0 hunting sling
 t - a +0 hand axe (weapon)
Missiles
 q - 54 stones (quivered)
Armour
 a - a +0 robe (worn)
 b - a +1 hat (worn)
 v - a +0 large shield
Jewellery
 h - an amulet of regeneration (around neck)
 n - an uncursed ring of stealth {unknown}
Scrolls
 j - 2 scrolls of teleportation
 l - a scroll of enchant weapon
 m - 2 scrolls of remove curse
Books
 c - a book of Minor Magic

   Spells                             Type                      Level
   a - Magic Dart                     Conjuration                  1
   b - Blink                          Translocation                2
   c - Call Imp                       Summoning                    2
   d - Slow                           Hexes                        2
   e - Conjure Flame                  Conjuration/Fire             3
   f - Mephitic Cloud                 Conjuration/Poison/Air       3
Comestibles
 d - 5 bread rations
 k - a fruit
 o - a royal jelly
 p - 4 chunks of flesh
 s - a meat ration


   Skills:
 - Level 3.3 Fighting
 * Level 2.9 Axes
 - Level 2.1 Dodging
 - Level 1.7 Stealth
 - Level 3.2 Spellcasting
 - Level 1.1 Conjurations
 - Level 1.2 Summonings
   Level 1.1 Translocations


You had 6 spell levels left.
You knew the following spells:

 Your Spells              Type           Power        Failure   Level  Hunger
a - Magic Dart            Conj           #...         10%         1    None
b - Call Imp              Summ           #.......     14%         2    ##.....


Dungeon Overview and Level Annotations

Branches:
Dungeon (3/15)

Altars:
Yredelemnul

Annotations:
D:3 Akrius's ghost, amateur HuCj


Innate Abilities, Weirdness & Mutations

Shadows flee at your approach. (+LOS)
You can swim through water.
You cover ground slowly.
You can hop short distances.


Message History

Akrius's ghost points at you and mumbles some strange words.
The spray of energy misses you.
Akrius's ghost gestures at you while chanting.
The magic dart hits you!
* * * LOW HITPOINT WARNING * * *
You barely miss Akrius's ghost.
Akrius's ghost is almost destroyed.
Akrius's ghost barely misses you.
Unknown command.
You barely miss Akrius's ghost.
Akrius's ghost is almost destroyed.
You feel less confused. Akrius's ghost hits you.
* * * LOW HITPOINT WARNING * * *
Unknown command.
You hit Akrius's ghost but do no damage.
Akrius's ghost is almost destroyed.
Akrius's ghost casts a spell at you. The magic dart hits you!
You die...

################
##'##...............
#.....@W..#...#####
##.........#...#########
............#.(..........
####.........#............
.........######...........
.........# #...........
.........# #...........
.........# #.†.........
.........# #...........


You could see Akrius's ghost.

Vanquished Creatures
  4 adders
  2 dart slugs
  2 leopard geckos
  5 bats
  5 giant cockroaches
  4 goblins
  7 hobgoblins
  A quokka (D:2)
  A frilled lizard (D:1)
  6 kobolds
  4 rats
  A spectral orc (D:2)
42 creatures vanquished.

Notes
Turn   | Place    | Note
-------+----------+-------------------------------------------
     0 | D:1      | Blomdor the Barachi Wizard began the quest for the Orb.
     0 | D:1      | Reached XP level 1. HP: 13/13 MP: 4/4
    37 | D:1      | Reached skill level 1 in Fighting
   297 | D:1      | Reached XP level 2. HP: 21/22 MP: 3/6
   648 | D:1      | Reached XP level 3. HP: 24/29 MP: 3/7
  1315 | D:2      | Reached skill level 1 in Axes
  1397 | D:2      | Reached XP level 4. HP: 22/35 MP: 1/8
  1494 | D:2      | Found a basalt altar of Yredelemnul.
  1746 | D:3      | Learned a level 2 spell: Call Imp
  1768 | D:3      | Noticed Akrius's ghost (amateur HuCj)
  1874 | D:3      | Killed from afar by Akrius's ghost

Vault maps used:
D:1:      dpeg_arrival_boxorama, minivault_4
D:2:      yredelemnul_forgotten_temple_becter, first_bread
D:3:      nicolae_ru_path_of_blood, uniq_crazy_yiuf_cottage

Skill      XL: |  1  2  3 |
---------------+----------+-----
Fighting       | 2 3 |  3.3
Axes           | 2 |  2.9
Dodging        | |  2.1
Stealth        | |  1.7
Spellcasting   | |  3.2
Conjurations   | |  1.1
Summonings     | |  1.2
Translocations | |  1.1

Action                   |  1- 3 |  4- 6 || total
-------------------------+-------+-------++-------
Melee: Club              |    56 |       ||    56
       Short sword       |     7 |       ||     7
       Hand axe          |    42 |    54 ||    96
       Mace              |     9 |       ||     9
 Fire: Hunting sling     |    16 |     4 ||    20
 Cast: Magic Dart        |    32 |     6 ||    38
       Call Imp          |       |     4 ||     4
 Abil: Hop               |     2 |       ||     2
  Use: Scroll            |     5 |     2 ||     7
       Potion            |       |     4 ||     4
 Stab: Sleeping          |     1 |     1 ||     2
  Eat: Chunk             |     2 |     2 ||     4
Armor: Robe              |    39 |    11 ||    50
       Skin              |       |    23 ||    23
Dodge: Dodged            |   140 |    35 ||   175

Table legend:
 A = Spawn XP
 B = Non-spawn XP
 C = Spawn XP percentage of total XP
 D = Spawn monster count
 E = Non-spawn monster count
 F = Spawn count percentage of total count
 G = Total turns spent on level
                    A         B        C        D         E        F      G
               +---------+---------+-------+---------+---------+-------+---------
         Total |      18 |     107 |  14.4 |       4 |      38 |   9.5 |  1874
               +---------+---------+-------+---------+---------+-------+---------
           D:1 |       2 |      41 |   4.7 |       1 |      22 |   4.3 |  1109
           D:2 |      16 |      45 |  26.2 |       3 |      12 |  20.0 |   555
           D:3 |       0 |      21 |   0.0 |       0 |       4 |   0.0 |   210
               +---------+---------+-------+---------+---------+-------+---------
